 Dungeon Crawl Stone Soup version 0.21-a0-426-g98080a9 (webtiles) character file.

133 JackS81 the Changer (level 4, -4/21 HPs)
             Began as a Spriggan Transmuter on Nov 7, 2017.
             Killed from afar by an orc wizard (7 damage)
             ... with a magic dart
             ... on level 3 of the Dungeon.
             The game lasted 00:12:58 (2908 turns).

JackS81 the Changer (Spriggan Transmuter)           Turns: 2908, Time: 00:12:58

Health: -4/21      AC:  2    Str:  6    XL:     4   Next: 94%
Magic:  9/9        EV: 18    Int: 15    God:
Gold:   136        SH:  0    Dex: 16    Spells: 3/9 levels left

rFire    + . .     SeeInvis +     - Unarmed
rCold    . . .     Gourm    .   (shield restricted)
rNeg     . . .     Faith    .   b - +0 robe
rPois    .         Spirit   .   (helmet restricted)
rElec    .         Reflect  .   (no cloak)
rCorr    +         Harm     .   (gloves unavailable)
MR       .....                  (boots unavailable)
Stlth    +.........             (no amulet)
HPRegen  0.07/turn              r - ring of resist corrosion
MPRegen  0.11/turn              t - ring of protection from fire

@: appendage, very quick
A: unfitting armour, talons 3, see invisible, herbivore 3, speed 3, slow
metabolism 2
a: End Transformation


You were on level 3 of the Dungeon.
You were not hungry.
You had grown temporary talons.
You visited 1 branch of the dungeon, and saw 3 of its levels.

You collected 136 gold pieces.

Inventory:

Missiles
 a - 7 arrows
Armour
 b - a +0 robe (worn)
 n - a +0 buckler
Jewellery
 r - a ring of resist corrosion (left hand)
 t - a ring of protection from fire (right hand)
Scrolls
 h - 2 scrolls of enchant armour {unknown}
 k - 2 scrolls of teleportation {unknown}
 m - a scroll of enchant weapon {unknown}
 o - a scroll of fear {unknown}
 p - 3 scrolls of identify {unknown}
 q - a scroll of amnesia {unknown}
 s - a scroll of magic mapping {unknown}
 v - a scroll of recharging {unknown}
Potions
 i - 2 potions of flight
 j - a potion of heal wounds {unknown}
 l - a potion of haste {unknown}
 u - a potion of lignification {unknown}
 w - a potion of mutation {unknown}
Books
 c - a book of Changes

   Spells                             Type                      Level
   a - Beastly Appendage              Transmutation                1
   b - Sticks to Snakes               Transmutation                2
   c - Spider Form                    Transmutation/Poison         3
   d - Ice Form                       Ice/Transmutation            4
   e - Blade Hands                    Transmutation                5
Comestibles
 d - a bread ration
 f - a royal jelly


   Skills:
 - Level 0.7 Fighting
 + Level 3.2 Dodging
 * Level 3.8 Unarmed Combat
 + Level 3.0 Spellcasting
 * Level 4.6 Transmutations


You had 3 spell levels left.
You knew the following spells:

 Your Spells              Type           Power        Failure   Level  Hunger
a - Beastly Appendage     Tmut           ###...       3%          1    #......
b - Sticks to Snakes      Tmut           ###.....     4%          2    ##.....
c - Spider Form           Tmut/Pois      #.........   24%         3    ###....


Dungeon Overview and Level Annotations

Branches:
Dungeon (3/15)

Altars:
Fedhas
Ru
Wu Jian


Innate Abilities, Weirdness & Mutations

You are very small and have problems with some larger weapons.
You are too small for most types of armour.
You have supernaturally acute eyesight. (SInv)
You are a herbivore.
You cover ground extremely quickly.
You need consume almost no food.
You have claws for feet.


Message History

You hit the orc wizard.
The orc wizard is heavily wounded.
The orc throws a stone.
The stone misses you.
The stone closely misses the orc wizard.
The orc wizard hits you but does no damage.
You barely miss the orc wizard.
The orc wizard is heavily wounded.
The orc wizard hits you but does no damage.
The orc throws a stone.
The stone closely misses you.
The stone hits the orc wizard but does no damage.
You barely miss the orc wizard.
The orc wizard is heavily wounded.
The orc wizard closely misses you.
The orc throws a stone.
The stone completely misses you.
The stone barely misses the orc wizard.
It was a potion of magic.
Magic courses through your body. The orc wizard barely misses you.
The orc throws a stone.
The stone hits you.
* * * LOW HITPOINT WARNING * * *
The orc wizard gestures at you while chanting.
The magic dart hits you!
You die...

########### #.........#
#.#######.#
...########)#######.####
#..ho†@o(..(...........
#..########.######.####
.....##.# .###.##.# .#
#.##.# ## #.##.# #.##.#
###.##.#### #..........


You could see an orc wizard, an orc and a jackal.

Vanquished Creatures
  2 orc wizards (D:3)
  2 adders (D:3)
  2 oozes
  2 worms (D:3)
  2 dart slugs (D:1)
  3 orcs (D:3)
  3 giant cockroaches
  7 goblins
  4 hobgoblins
  3 jackals (D:3)
  7 bats
  3 frilled lizards
  6 kobolds
  A leopard gecko skeleton (D:2)
  7 rats
54 creatures vanquished.

Vanquished Creatures (collateral kills)
  4 adders (D:2)
  A shadow imp (D:2)
  An ooze (D:3)
  2 orcs (D:3)
  2 goblins
  A quokka (D:2)
  A bat (D:2)
  A kobold (D:2)
  A rat (D:2)
14 creatures vanquished.

Grand Total: 68 creatures vanquished

Notes
Turn   | Place    | Note
-------+----------+-------------------------------------------
     0 | D:1      | JackS81 the Spriggan Transmuter began the quest for the Orb.
     0 | D:1      | Reached XP level 1. HP: 9/9 MP: 5/5
   431 | D:1      | Reached skill level 3 in Transmutations
   431 | D:1      | Reached XP level 2. HP: 14/14 MP: 4/6
   449 | D:1      | Learned a level 2 spell: Sticks to Snakes
  1080 | D:2      | Reached XP level 3. HP: 8/17 MP: 6/8
  1411 | D:2      | Found a faded altar of an unknown god.
  1681 | D:2      | Found a blossoming altar of Fedhas.
  1681 | D:2      | Found a sacrificial altar of Ru.
  1686 | D:2      | Found a faded altar of an unknown god.
  1688 | D:2      | Found a faded altar of an unknown god.
  1694 | D:2      | Found an ornate altar of the Wu Jian Council.
  1908 | D:2      | Reached skill level 4 in Transmutations
  1908 | D:2      | Reached XP level 4. HP: 13/21 MP: 3/9
  2058 | D:2      | Learned a level 3 spell: Spider Form
  2908 | D:3      | Killed from afar by an orc wizard

Vault maps used:
D:1:      lightli_arrival_noodles
D:2:      chequers_temple_overflow_minitemple, chequers_ecumenical_altar_island,
          kennysheep_generic_room_7

Skill      XL: |  1  2  3  4 |
---------------+-------------+-----
Transmutations | 3 4 |  4.6
Unarmed Combat | 3 |  3.8
Spellcasting   | 3 |  3.0
Fighting       | |  0.7
Dodging        | |  3.2

Action                   |  1- 3 |  4- 6 || total
-------------------------+-------+-------++-------
Melee: Unarmed           |   109 |    84 ||   193
       Kick              |     9 |     9 ||    18
       Headbutt          |    10 |     6 ||    16
       Punch             |     1 |     1 ||     2
 Cast: Beastly Appendage |    26 |     9 ||    35
       Sticks to Snakes  |    15 |    11 ||    26
  Use: Potion            |       |     3 ||     3
 Stab: Sleeping          |     2 |     1 ||     3
       Invisible         |       |     1 ||     1
  Eat: Bread ration      |       |     1 ||     1
Armor: Robe              |     6 |     9 ||    15
Dodge: Dodged            |    90 |    74 ||   164

Table legend:
 A = Spawn XP
 B = Non-spawn XP
 C = Spawn XP percentage of total XP
 D = Spawn monster count
 E = Non-spawn monster count
 F = Spawn count percentage of total count
 G = Total turns spent on level
                    A         B        C        D         E        F      G
               +---------+---------+-------+---------+---------+-------+---------
         Total |       0 |     191 |   0.0 |       0 |      68 |   0.0 |  2908
               +---------+---------+-------+---------+---------+-------+---------
           D:1 |       0 |      34 |   0.0 |       0 |      16 |   0.0 |   956
           D:2 |       0 |      71 |   0.0 |       0 |      26 |   0.0 |  1165
           D:3 |       0 |      86 |   0.0 |       0 |      26 |   0.0 |   787
               +---------+---------+-------+---------+---------+-------+---------
